TORONTO vs MONTREAL

Created - Thursday, November 09, 2017 at 15:35

Goals
1 2 3 T
TORONTO 1 1 0 2
MONTREAL 1 1 1 3
Shots
1 2 3 T
TORONTO 9 10 11 30
MONTREAL 11 9 9 29

1st period

1. MONTREAL , Jason Pominville 2 (Brian Dumoulin 5, Tyler Myers 7) at 0:16
2. TORONTO , Michal Kempny 1 (Nino Niederreiter 9, Mark Scheifele 5) at 8:02

Penalties :
Tomas Hertl (TOR) for Holding (Minor) at 0:19, Joshua Morrissey (TOR) for Hooking (Minor) at 8:13, Nathan MacKinnon (MON) for Holding (Minor) at 13:41, Tobias Enstrom (MON) for Hooking (Minor) at 18:35

2nd period

3. MONTREAL , Nathan Beaulieu 1 (Devin Shore 1) at 10:00 (PP)
4. TORONTO , Ales Hemsky 3 (Nic Dowd 3) at 14:34

Penalties :
Mark Borowiecki (TOR) for Hooking (Minor) at 9:05, Mark Borowiecki (TOR) for Attempt to injure (Major / Game Misconduct) at 14:55

3rd period

5. MONTREAL , Brian Dumoulin 3 (Nathan MacKinnon 10, Max Pacioretty 5) at 10:08

Penalties :
Phillip Danault (MON) for High sticking (Minor) at 4:52, Tomas Hertl (TOR) for Hooking (Minor) at 16:32

Goalie Stats

Brian Elliott (TOR), 26 saves from 29 shots - (0.897), L, 7-4-0, 59:09 minutes
Robin Lehner (MON), 28 saves from 30 shots - (0.933), W, 8-4-0, 60:00 minutes

Players Stats for TORONTO

Player Name              G  A  P  +/- PIM S  H  SB GA TA FO     MP     PP MP  PK MP  
------------------------------------------------------------------------------------
Ales Hemsky              1  0  1   1  0   1  0  0  0  0  0/0    13:50   3:21   0:00 
Brayden Point            0  0  0   0  0   3  1  0  0  0  1/1    14:58   2:36   0:00 
Brent Seabrook           0  0  0  -1  0   2  2  1  0  0  0/0    27:36   2:36   6:29 
Drake Caggiula           0  0  0   1  0   2  0  0  0  0  0/0    10:34   0:05   0:00 
Jake Dotchin             0  0  0  -1  0   0  2  0  0  0  0/0    14:53   0:00   0:33 
Jan Rutta                0  0  0   0  0   0  0  0  0  0  0/0     0:37   0:00   0:16 
Jarome Iginla            0  0  0  -1  0   0  2  0  0  0  0/2    16:59   3:16   0:00 
Joshua Morrissey         0  0  0  -1  2   1  4  0  0  0  0/0    24:19   2:36   4:44 
Mark Borowiecki          0  0  0   2  17  1  0  0  0  0  0/0     7:26   0:00   0:00 
Mark Scheifele           0  1  1  -1  0   6  1  0  0  0  12/31  23:37   2:36   6:51 
Matt Hendricks           0  0  0   0  0   0  1  0  0  0  0/0     7:14   0:00   2:03 
Michal Kempny            1  0  1   2  0   2  2  2  0  0  0/0    19:18   0:00   6:18 
Nic Dowd                 0  1  1   1  0   0  0  0  0  0  10/14  10:29   0:00   0:00 
Nino Niederreiter        0  1  1  -1  0   2  4  0  0  0  0/2    23:18   2:36   6:32 
Olli Maatta              0  0  0  -1  0   0  3  1  0  0  0/0    22:27   3:21   5:22 
Pierre-Edouard Bellemare 0  0  0   0  0   0  0  0  0  0  1/4     5:31   0:00   0:20 
Ryan White               0  0  0   0  0   0  2  0  0  0  0/0     5:11   0:00   0:00 
Sergey Kalinin           0  0  0   0  0   0  0  0  0  0  0/0     0:00   0:00   0:00 
Tomas Hertl              0  0  0   0  4   5  5  0  0  0  0/0    18:57   3:21   3:16 
Victor Rask              0  0  0   0  0   5  0  0  0  0  18/30  20:50   3:21   4:40 

Players Stats for MONTREAL

Player Name              G  A  P  +/- PIM S  H  SB GA TA FO     MP     PP MP  PK MP  
------------------------------------------------------------------------------------
Brian Dumoulin           1  1  2   1  0   2  5  3  0  0  0/0    26:27   5:36   2:52 
Brian Gionta             0  0  0  -1  0   0  2  0  0  0  0/1    11:04   0:00   1:18 
Devin Shore              0  1  1   0  0   1  0  0  0  0  1/4     5:37   0:39   0:03 
Gabriel Dumont           0  0  0   0  0   0  0  0  0  0  0/1     5:07   0:12   0:00 
Jason Demers             0  0  0  -1  0   3  4  4  0  0  0/0    22:30   6:03   3:05 
Jason Pominville         1  0  1   1  0   3  0  0  0  0  0/1    20:34   5:36   0:00 
Marc Staal               0  0  0   0  0   1  1  0  0  0  0/0    20:06   6:15   3:05 
Max Pacioretty           0  1  1   1  0   1  1  0  0  0  4/13   24:36   5:36   4:02 
Micheal Ferland          0  0  0   0  0   0  0  0  0  0  1/1     5:48   0:00   0:53 
Nathan Beaulieu          1  0  1  -1  0   1  1  2  0  0  0/0    13:39   0:12   0:00 
Nathan MacKinnon         0  1  1   1  2   4  0  0  0  0  11/24  23:15   5:36   2:42 
Phillip Danault          0  0  0  -1  2   0  2  0  0  0  8/12    9:57   0:12   0:00 
Rickard Rakell           0  0  0   0  0   4  0  1  0  0  0/0    18:36   6:03   0:00 
Sven Andrighetto         0  0  0  -1  0   3  0  0  0  0  1/2    15:22   5:36   0:00 
Tobias Enstrom           0  0  0   0  2   1  1  2  0  0  0/0    10:50   0:00   0:00 
Tyler Johnson            0  0  0   0  0   0  0  0  0  0  8/15   14:01   0:00   1:28 
Tyler Myers              0  1  1   1  0   0  0  1  0  0  0/0    26:27   5:36   2:52 
Vincent Trocheck         0  0  0   0  0   5  3  0  0  0  8/10   20:04   6:03   1:28 

3 Stars

1 - Brian Dumoulin (MON)
2 - Michal Kempny (TOR)
3 - Jason Pominville (MON)

Power Play

TORONTO - 0 on 3 Attempt(s) - 0.00%
MONTREAL - 1 on 5 Attempt(s) - 20.00%

Penalty Kill

TORONTO - 4 on 5 Attempt(s) - 80.00% - Score 0 goal in Penalty Kill
MONTREAL - 3 on 3 Attempt(s) - 100.00% - Score 0 goal in Penalty Kill

Team Stat

TORONTO - Hits : 29 - Faceoff Wins : 42 - Blocked Shots : 4 - Penalty Minutes : 23
MONTREAL - Hits : 20 - Faceoff Wins : 42 - Blocked Shots : 13 - Penalty Minutes : 6

Official

Referees : Unknown
Linesman : Unknown

Game Notes

Mark Borowiecki ejected from game at 14:55 of 2nd period

Finance

Level 1 -- Attendance: 4809 (80.15%) -- Ticket Income $480,900
Level 2 -- Attendance: 3721 (74.42%) -- Ticket Income $223,260
Level 3 -- Attendance: 2000 (100.00%) -- Ticket Income $70,000
Level 4 -- Attendance: 3939 (98.48%) -- Ticket Income $78,780
Luxury Box -- Attendance: 767 (76.70%) -- Ticket Income $153,400
Game was played at the Bell Centre.
Total Attendance: 15236 (84.64%)
Total Ticket Income: $1,006,340
Total Income: $1,006,340

TORONTO

5 vs 5 Forward 
   Center                   Left Wing                Right Wing               Time % Phy DF OF 
 1 Mark Scheifele           Nino Niederreiter        Jarome Iginla            35     1   2  2  
 2 Victor Rask              Tomas Hertl              Brayden Point            30     1   2  2  
 3 Nic Dowd                 Drake Caggiula           Ales Hemsky              25     1   2  2  
 4 Pierre-Edouard Bellemare Matt Hendricks           Ryan White               10     1   2  2  

5 vs 5 Defense 
   Defense                  Defense                                           Time % Phy DF OF 
 1 Brent Seabrook           Joshua Morrissey                                  35     1   2  2  
 2 Olli Maatta              Jake Dotchin                                      30     1   2  2  
 3 Michal Kempny            Mark Borowiecki                                   25     1   2  2  
 4 Brent Seabrook           Joshua Morrissey                                  10     1   2  2  

PowerPlay Forward 
   Center                   Left Wing                Right Wing               Time % Phy DF OF 
 1 Mark Scheifele           Nino Niederreiter        Brayden Point            60     1   2  2  
 2 Victor Rask              Tomas Hertl              Jarome Iginla            40     1   2  2  

PowerPlay Defense
   Defense                  Defense                                           Time % Phy DF OF 
 1 Brent Seabrook           Joshua Morrissey                                  60     1   2  2  
 2 Olli Maatta              Ales Hemsky                                       40     1   2  2  

Penalty Kill 4 Players Forward 
   Center                   Wing                     Time % Phy DF OF 
 1 Mark Scheifele           Nino Niederreiter        60     1   2  2  
 2 Victor Rask              Tomas Hertl              40     1   2  2  

Penalty Kill 4 Players Defense
   Defense                  Defense                  Time % Phy DF OF 
 1 Brent Seabrook           Joshua Morrissey         60     1   2  2  
 2 Olli Maatta              Michal Kempny            40     1   2  2  

Penalty Kill - 3 Players Forward 
   Forward                                           Time % Phy DF OF 
 1 Mark Scheifele                                    60     1   2  2  
 2 Nino Niederreiter                                 40     1   2  2  

Penalty Kill - 3 Players Defense
   Defense                  Defense                  Time % Phy DF OF 
 1 Brent Seabrook           Joshua Morrissey         60     1   2  2  
 2 Olli Maatta              Michal Kempny            40     1   2  2  

4 vs 4 Forward 
   Center                   Wing                     Time % Phy DF OF 
 1 Mark Scheifele           Nino Niederreiter        60     1   2  2  
 2 Victor Rask              Tomas Hertl              40     1   2  2  

4 vs 4 Defense
   Defense                  Defense                  Time % Phy DF OF 
 1 Brent Seabrook           Joshua Morrissey         60     1   2  2  
 2 Olli Maatta              Jake Dotchin             40     1   2  2  

Last Minutes Offensive
   Center                   Left Wing                Right Wing               Defense                  Defense                  
   Mark Scheifele           Nino Niederreiter        Victor Rask              Brent Seabrook           Joshua Morrissey         

Last Minutes Defensive
   Center                   Left Wing                Right Wing               Defense                  Defense                  
   Mark Scheifele           Nino Niederreiter        Jarome Iginla            Brent Seabrook           Olli Maatta              

Goaltenders
Starting : Brian Elliott            
Backup : Michal Neuvirth          

Extra Forwards
Normal : Tomas Hertl, Drake Caggiula, Pierre-Edouard Bellemare - PP : Tomas Hertl, Drake Caggiula - PK : Matt Hendricks
Extra Defensemen
Normal : Michal Kempny, Jake Dotchin, Olli Maatta - PP : Michal Kempny - PK : Jake Dotchin, Olli Maatta
Penalty Shots
Mark Scheifele, Nino Niederreiter, Victor Rask, Tomas Hertl, Jarome Iginla

Scratches
TOR Cap Hit (Healthy)

MONTREAL

5 vs 5 Forward 
   Center                   Left Wing                Right Wing               Time % Phy DF OF 
 1 Nathan MacKinnon         Max Pacioretty           Jason Pominville         35     1   2  2  
 2 Tyler Johnson            Vincent Trocheck         Rickard Rakell           30     1   2  2  
 3 Phillip Danault          Brian Gionta             Sven Andrighetto         25     1   2  2  
 4 Devin Shore              Micheal Ferland          Gabriel Dumont           10     1   2  2  

5 vs 5 Defense 
   Defense                  Defense                                           Time % Phy DF OF 
 1 Tyler Myers              Brian Dumoulin                                    35     1   2  2  
 2 Jason Demers             Nathan Beaulieu                                   30     1   2  2  
 3 Marc Staal               Tobias Enstrom                                    25     1   2  2  
 4 Tyler Myers              Brian Dumoulin                                    10     1   2  2  

PowerPlay Forward 
   Center                   Left Wing                Right Wing               Time % Phy DF OF 
 1 Nathan MacKinnon         Max Pacioretty           Jason Pominville         60     1   2  2  
 2 Vincent Trocheck         Rickard Rakell           Sven Andrighetto         40     1   2  2  

PowerPlay Defense
   Defense                  Defense                                           Time % Phy DF OF 
 1 Tyler Myers              Brian Dumoulin                                    60     1   2  2  
 2 Jason Demers             Marc Staal                                        40     1   2  2  

Penalty Kill 4 Players Forward 
   Center                   Wing                     Time % Phy DF OF 
 1 Max Pacioretty           Nathan MacKinnon         60     1   2  2  
 2 Vincent Trocheck         Tyler Johnson            40     1   2  2  

Penalty Kill 4 Players Defense
   Defense                  Defense                  Time % Phy DF OF 
 1 Tyler Myers              Brian Dumoulin           60     1   2  2  
 2 Jason Demers             Marc Staal               40     1   2  2  

Penalty Kill - 3 Players Forward 
   Forward                                           Time % Phy DF OF 
 1 Max Pacioretty                                    60     1   2  2  
 2 Nathan MacKinnon                                  40     1   2  2  

Penalty Kill - 3 Players Defense
   Defense                  Defense                  Time % Phy DF OF 
 1 Tyler Myers              Brian Dumoulin           60     1   2  2  
 2 Jason Demers             Marc Staal               40     1   2  2  

4 vs 4 Forward 
   Center                   Wing                     Time % Phy DF OF 
 1 Max Pacioretty           Nathan MacKinnon         60     1   2  2  
 2 Vincent Trocheck         Tyler Johnson            40     1   2  2  

4 vs 4 Defense
   Defense                  Defense                  Time % Phy DF OF 
 1 Tyler Myers              Brian Dumoulin           60     1   2  2  
 2 Jason Demers             Marc Staal               40     1   2  2  

Last Minutes Offensive
   Center                   Left Wing                Right Wing               Defense                  Defense                  
   Nathan MacKinnon         Max Pacioretty           Jason Pominville         Tyler Myers              Brian Dumoulin           

Last Minutes Defensive
   Center                   Left Wing                Right Wing               Defense                  Defense                  
   Nathan MacKinnon         Max Pacioretty           Jason Pominville         Tyler Myers              Brian Dumoulin           

Goaltenders
Starting : Robin Lehner             
Backup : Garret Sparks            

Extra Forwards
Normal : Devin Shore, Phillip Danault, Brian Gionta - PP : Devin Shore, Phillip Danault - PK : Brian Gionta
Extra Defensemen
Normal : Nathan Beaulieu, Tobias Enstrom, Jason Demers - PP : Nathan Beaulieu - PK : Tobias Enstrom, Jason Demers
Penalty Shots
Max Pacioretty, Nathan MacKinnon, Vincent Trocheck, Tyler Johnson, Rickard Rakell

Scratches
Louis Leblanc (Healthy), Michael Sgarbossa (Healthy), MTL CAP HIT (Suspend)

% Time on Ice - TORONTO

Lines # - Real PCT - Wanted PCT - Time Play
Normal Forward
1 - 33% - 35% - 13:43
2 - 30% - 30% - 12:22
3 - 25% - 25% - 10:29
4 - 12% - 10% - 5:11
Normal Defense
1 - 38% - 35% - 15:59
2 - 26% - 30% - 10:46
3 - 33% - 25% - 13:59
4 - 2% - 10% - 1:01
PP Forward
1 - 44% - 60% - 2:36
2 - 56% - 40% - 3:21
PP Defense
1 - 44% - 60% - 2:36
2 - 56% - 40% - 3:21
PK Forward
1 - 61% - 60% - 7:11
2 - 39% - 40% - 4:40
PK Defense
1 - 57% - 60% - 6:43
2 - 43% - 40% - 5:08
PK3 Forward
1 - 0% - 60%
2 - 0% - 40%
PK3 Defense
1 - 0% - 60%
2 - 0% - 40%
44 Forward
1 - 0% - 60%
2 - 0% - 40%
44 Defense
1 - 0% - 60%
2 - 0% - 40%
Last Minute Offensive  - 0:27
Last Minute Defensive  - 0:00
Total
Forward - 60:00
Defense - 60:00

% Time on Ice - MONTREAL

Lines # - Real PCT - Wanted PCT - Time Play
Normal Forward
1 - 35% - 35% - 14:58
2 - 30% - 30% - 12:33
3 - 23% - 25% - 9:46
4 - 12% - 10% - 4:55
Normal Defense
1 - 39% - 35% - 16:32
2 - 32% - 30% - 13:27
3 - 26% - 25% - 10:46
4 - 3% - 10% - 1:27
PP Forward
1 - 47% - 60% - 5:36
2 - 53% - 40% - 6:15
PP Defense
1 - 47% - 60% - 5:36
2 - 53% - 40% - 6:15
PK Forward
1 - 75% - 60% - 4:29
2 - 25% - 40% - 1:28
PK Defense
1 - 48% - 60% - 2:52
2 - 52% - 40% - 3:05
PK3 Forward
1 - 0% - 60%
2 - 0% - 40%
PK3 Defense
1 - 0% - 60%
2 - 0% - 40%
44 Forward
1 - 0% - 60%
2 - 0% - 40%
44 Defense
1 - 0% - 60%
2 - 0% - 40%
Last Minute Offensive  - 0:00
Last Minute Defensive  - 0:00
Total
Forward - 60:00
Defense - 60:00

Play by Play

1st period


0:01 of 1st period - Mark Scheifele wins face-off versus Max Pacioretty in neutral zone.
0:11 of 1st period - Tyler Myers is hit by Brent Seabrook and loses puck.
0:16 of 1st period - Shot by Jason Pominville.
0:16 of 1st period - Goal by Jason Pominville - TORONTO : 0 - MONTREAL : 1.
0:17 of 1st period - Tyler Johnson wins face-off versus Victor Rask in neutral zone.
0:17 of 1st period - Vincent Trocheck is hit by Tomas Hertl and loses puck.
0:19 of 1st period - Minor Penalty to Tomas Hertl for Holding.
0:20 of 1st period - Nathan MacKinnon wins face-off versus Mark Scheifele in TORONTO zone.
0:59 of 1st period - Shot by Nathan MacKinnon.
0:59 of 1st period - Shot Misses the Net.
1:01 of 1st period - Shot by Tyler Myers.
1:01 of 1st period - Shot Misses the Net.
1:12 of 1st period - Off-side.
1:13 of 1st period - Vincent Trocheck wins face-off versus Mark Scheifele in neutral zone.
1:29 of 1st period - Shot by Vincent Trocheck.
1:29 of 1st period - Shot Blocked by Michal Kempny.
1:31 of 1st period - Shot by Vincent Trocheck.
1:31 of 1st period - Stopped by Brian Elliott without a rebound.
1:32 of 1st period - Vincent Trocheck wins face-off versus Victor Rask in TORONTO zone.
1:35 of 1st period - Shot by Rickard Rakell.
1:35 of 1st period - Stopped by Brian Elliott without a rebound.
1:36 of 1st period - Vincent Trocheck wins face-off versus Victor Rask in TORONTO zone.
1:36 of 1st period - Jason Demers is hit by Brent Seabrook and loses puck.
2:15 of 1st period - Shot by Sven Andrighetto.
2:15 of 1st period - Stopped by Brian Elliott with a rebound.
2:49 of 1st period - Shot by Micheal Ferland.
2:49 of 1st period - Shot Misses the Net.
2:51 of 1st period - Shot by Devin Shore.
2:51 of 1st period - Stopped by Brian Elliott without a rebound.
2:52 of 1st period - Nic Dowd wins face-off versus Nathan MacKinnon in TORONTO zone.
3:07 of 1st period - Shot by Ales Hemsky.
3:07 of 1st period - Shot Misses the Net.
3:09 of 1st period - Shot by Olli Maatta.
3:09 of 1st period - Shot Blocked by Jason Demers.
3:11 of 1st period - Shot by Nic Dowd.
3:11 of 1st period - Shot Misses the Net.
3:15 of 1st period - Shot by Nic Dowd.
3:15 of 1st period - Shot Misses the Net.
3:17 of 1st period - Shot by Nic Dowd.
3:17 of 1st period - Deflect By Ales Hemsky.
3:17 of 1st period - Shot Hit the Post.
3:19 of 1st period - Shot by Nic Dowd.
3:19 of 1st period - Shot Misses the Net.
3:21 of 1st period - Shot by Jake Dotchin.
3:21 of 1st period - Shot Misses the Net.
4:13 of 1st period - Mark Scheifele is hit by Marc Staal and loses puck.
4:29 of 1st period - Marc Staal is hit by Tomas Hertl and loses puck.
5:20 of 1st period - Shot by Sven Andrighetto.
5:20 of 1st period - Shot Misses the Net.
7:28 of 1st period - Off-side.
7:29 of 1st period - Phillip Danault wins face-off versus Jarome Iginla in neutral zone.
7:45 of 1st period - Nino Niederreiter is hit by Jason Demers and loses puck.
7:52 of 1st period - Shot by Jarome Iginla.
7:52 of 1st period - Shot Blocked by Nathan Beaulieu.
8:00 of 1st period - Shot by Nino Niederreiter.
8:00 of 1st period - Shot Blocked by Nathan Beaulieu.
8:02 of 1st period - Shot by Michal Kempny.
8:02 of 1st period - Goal by Michal Kempny - TORONTO : 1 - MONTREAL : 1.
8:03 of 1st period - Tyler Johnson wins face-off versus Pierre-Edouard Bellemare in neutral zone.
8:13 of 1st period - Minor Penalty to Joshua Morrissey for Hooking.
8:14 of 1st period - Mark Scheifele wins face-off versus Nathan MacKinnon in TORONTO zone.
8:48 of 1st period - Nathan MacKinnon is hit by Michal Kempny and loses puck.
8:53 of 1st period - Shot by Nathan MacKinnon.
8:53 of 1st period - Stopped by Brian Elliott without a rebound.
8:54 of 1st period - Vincent Trocheck wins face-off versus Victor Rask in TORONTO zone.
9:13 of 1st period - Shot by Rickard Rakell.
9:13 of 1st period - Stopped by Brian Elliott with a rebound.
9:31 of 1st period - Shot by Rickard Rakell.
9:31 of 1st period - Stopped by Brian Elliott without a rebound.
9:32 of 1st period - Nathan MacKinnon wins face-off versus Victor Rask in TORONTO zone.
10:00 of 1st period - Shot by Max Pacioretty.
10:00 of 1st period - Shot Misses the Net.
11:09 of 1st period - Off-side.
11:10 of 1st period - Phillip Danault wins face-off versus Nic Dowd in neutral zone.
11:39 of 1st period - Shot by Nic Dowd.
11:39 of 1st period - Deflect By Drake Caggiula.
11:39 of 1st period - Shot Misses the Net.
11:49 of 1st period - Shot by Jason Demers.
11:49 of 1st period - Stopped by Brian Elliott without a rebound.
11:50 of 1st period - Nathan MacKinnon wins face-off versus Mark Scheifele in TORONTO zone.
12:23 of 1st period - Shot by Mark Scheifele.
12:23 of 1st period - Stopped by Robin Lehner without a rebound.
12:24 of 1st period - Victor Rask wins face-off versus Tyler Johnson in MONTREAL zone.
12:44 of 1st period - Icing by Olli Maatta.
12:45 of 1st period - Brayden Point wins face-off versus Phillip Danault in TORONTO zone.
12:45 of 1st period - Brayden Point is hit by Brian Gionta.
12:48 of 1st period - Icing by Tomas Hertl.
12:49 of 1st period - Victor Rask wins face-off versus Tyler Johnson in TORONTO zone.
13:08 of 1st period - Shot by Tomas Hertl.
13:08 of 1st period - Deflect By Brayden Point.
13:08 of 1st period - Stopped by Robin Lehner with a rebound.
13:14 of 1st period - Shot by Victor Rask.
13:14 of 1st period - Shot Misses the Net.
13:16 of 1st period - Shot by Olli Maatta.
13:16 of 1st period - Shot Blocked by Brian Dumoulin.
13:18 of 1st period - Shot by Brayden Point.
13:18 of 1st period - Shot Blocked by Tyler Myers.
13:20 of 1st period - Shot by Victor Rask.
13:20 of 1st period - Shot Hit the Post.
13:22 of 1st period - Shot by Olli Maatta.
13:22 of 1st period - Shot Misses the Net.
13:24 of 1st period - Shot by Tomas Hertl.
13:24 of 1st period - Stopped by Robin Lehner without a rebound.
13:25 of 1st period - Nathan MacKinnon wins face-off versus Mark Scheifele in MONTREAL zone.
13:31 of 1st period - Icing by Brent Seabrook.
13:32 of 1st period - Nathan MacKinnon wins face-off versus Jarome Iginla in TORONTO zone.
13:41 of 1st period - Minor Penalty to Nathan MacKinnon for Holding.
13:42 of 1st period - Mark Scheifele wins face-off versus Max Pacioretty in MONTREAL zone.
13:43 of 1st period - Shot by Brent Seabrook.
13:43 of 1st period - Shot Misses the Net.
14:01 of 1st period - Marc Staal is hit by Nino Niederreiter and loses puck.
14:38 of 1st period - Icing by Victor Rask.
14:39 of 1st period - Victor Rask wins face-off versus Max Pacioretty in TORONTO zone.
15:56 of 1st period - Icing by Tyler Johnson.
15:57 of 1st period - Vincent Trocheck wins face-off versus Pierre-Edouard Bellemare in MONTREAL zone.
15:57 of 1st period - Vincent Trocheck is hit by Ryan White.
16:00 of 1st period - Icing by Nathan Beaulieu.
16:01 of 1st period - Tyler Johnson wins face-off versus Nino Niederreiter in MONTREAL zone.
16:22 of 1st period - Shot by Mark Scheifele.
16:22 of 1st period - Shot Blocked by Rickard Rakell.
16:24 of 1st period - Shot by Joshua Morrissey.
16:24 of 1st period - Shot Misses the Net.
16:38 of 1st period - Shot by Mark Scheifele.
16:38 of 1st period - Shot Misses the Net.
17:04 of 1st period - Shot by Nathan MacKinnon.
17:04 of 1st period - Stopped by Brian Elliott without a rebound.
17:05 of 1st period - Nic Dowd wins face-off versus Nathan MacKinnon in TORONTO zone.
17:11 of 1st period - Off-side.
17:12 of 1st period - Victor Rask wins face-off versus Nathan MacKinnon in neutral zone.
17:23 of 1st period - Tyler Myers is hit by Tomas Hertl and loses puck.
17:38 of 1st period - Shot by Brayden Point.
17:38 of 1st period - Stopped by Robin Lehner with a rebound.
17:40 of 1st period - Shot by Tomas Hertl.
17:40 of 1st period - Stopped by Robin Lehner without a rebound.
17:41 of 1st period - Nic Dowd wins face-off versus Phillip Danault in MONTREAL zone.
18:05 of 1st period - Shot by Sven Andrighetto.
18:05 of 1st period - Stopped by Brian Elliott without a rebound.
18:06 of 1st period - Mark Scheifele wins face-off versus Nathan MacKinnon in TORONTO zone.
18:17 of 1st period - Shot by Nino Niederreiter.
18:17 of 1st period - Stopped by Robin Lehner with a rebound.
18:19 of 1st period - Shot by Mark Borowiecki.
18:19 of 1st period - Stopped by Robin Lehner without a rebound.
18:20 of 1st period - Victor Rask wins face-off versus Tyler Johnson in MONTREAL zone.
18:23 of 1st period - Shot by Tomas Hertl.
18:23 of 1st period - Shot Blocked by Tobias Enstrom.
18:26 of 1st period - Icing by Tobias Enstrom.
18:27 of 1st period - Tyler Johnson wins face-off versus Mark Scheifele in MONTREAL zone.
18:35 of 1st period - Minor Penalty to Tobias Enstrom for Hooking.
18:36 of 1st period - Mark Scheifele wins face-off versus Max Pacioretty in MONTREAL zone.
18:49 of 1st period - Shot by Mark Scheifele.
18:49 of 1st period - Stopped by Robin Lehner without a rebound.
18:50 of 1st period - Victor Rask wins face-off versus Max Pacioretty in MONTREAL zone.
19:50 of 1st period - Nino Niederreiter is hit by Brian Dumoulin and loses puck.
Goals for this period are 1 for TORONTO vs 1 for MONTREAL.
Shots for this period are 9 for TORONTO vs 11 for MONTREAL.

2nd period


0:01 of 2nd period - Max Pacioretty wins face-off versus Mark Scheifele in neutral zone.
0:14 of 2nd period - Shot by Mark Scheifele.
0:14 of 2nd period - Stopped by Robin Lehner without a rebound.
0:15 of 2nd period - Victor Rask wins face-off versus Max Pacioretty in MONTREAL zone.
1:12 of 2nd period - Phillip Danault is hit by Ryan White and loses puck.
2:29 of 2nd period - Icing by Joshua Morrissey.
2:30 of 2nd period - Pierre-Edouard Bellemare wins face-off versus Gabriel Dumont in TORONTO zone.
3:05 of 2nd period - Nathan Beaulieu is hit by Jarome Iginla and loses puck.
3:15 of 2nd period - Off-side.
3:16 of 2nd period - Victor Rask wins face-off versus Tyler Johnson in neutral zone.
3:48 of 2nd period - Shot by Victor Rask.
3:48 of 2nd period - Stopped by Robin Lehner without a rebound.
3:49 of 2nd period - Max Pacioretty wins face-off versus Nic Dowd in MONTREAL zone.
4:01 of 2nd period - Shot by Jason Pominville.
4:01 of 2nd period - Stopped by Brian Elliott with a rebound.
4:03 of 2nd period - Shot by Marc Staal.
4:03 of 2nd period - Shot Misses the Net.
4:05 of 2nd period - Shot by Tobias Enstrom.
4:05 of 2nd period - Stopped by Brian Elliott without a rebound.
4:06 of 2nd period - Phillip Danault wins face-off versus Mark Scheifele in TORONTO zone.
4:06 of 2nd period - Phillip Danault is hit by Olli Maatta.
4:18 of 2nd period - Shot by Sven Andrighetto.
4:18 of 2nd period - Stopped by Brian Elliott without a rebound.
4:19 of 2nd period - Victor Rask wins face-off versus Max Pacioretty in TORONTO zone.
4:21 of 2nd period - Icing by Michal Kempny.
4:22 of 2nd period - Victor Rask wins face-off versus Nathan MacKinnon in TORONTO zone.
5:00 of 2nd period - Shot by Max Pacioretty.
5:00 of 2nd period - Stopped by Brian Elliott with a rebound.
5:02 of 2nd period - Shot by Brian Dumoulin.
5:02 of 2nd period - Shot Misses the Net.
5:04 of 2nd period - Shot by Nathan MacKinnon.
5:04 of 2nd period - Stopped by Brian Elliott with a rebound.
5:06 of 2nd period - Shot by Tyler Myers.
5:06 of 2nd period - Deflect By Max Pacioretty.
5:06 of 2nd period - Shot Misses the Net.
5:25 of 2nd period - Vincent Trocheck is hit by Jarome Iginla and loses puck.
5:32 of 2nd period - Shot by Vincent Trocheck.
5:32 of 2nd period - Stopped by Brian Elliott without a rebound.
5:33 of 2nd period - Nic Dowd wins face-off versus Brian Gionta in TORONTO zone.
5:35 of 2nd period - Ales Hemsky is hit by Brian Gionta and loses puck.
6:43 of 2nd period - Icing by Tyler Johnson.
6:44 of 2nd period - Tyler Johnson wins face-off versus Victor Rask in MONTREAL zone.
6:51 of 2nd period - Shot by Brayden Point.
6:51 of 2nd period - Shot Misses the Net.
6:53 of 2nd period - Shot by Tomas Hertl.
6:53 of 2nd period - Shot Misses the Net.
6:55 of 2nd period - Shot by Tomas Hertl.
6:55 of 2nd period - Shot Blocked by Tobias Enstrom.
6:59 of 2nd period - Shot by Tomas Hertl.
6:59 of 2nd period - Stopped by Robin Lehner with a rebound.
7:01 of 2nd period - Shot by Tomas Hertl.
7:01 of 2nd period - Stopped by Robin Lehner without a rebound.
7:02 of 2nd period - Mark Scheifele wins face-off versus Nathan MacKinnon in MONTREAL zone.
7:09 of 2nd period - Shot by Jarome Iginla.
7:09 of 2nd period - Shot Misses the Net.
7:17 of 2nd period - Jarome Iginla is hit by Brian Dumoulin and loses puck.
7:34 of 2nd period - Shot by Jarome Iginla.
7:34 of 2nd period - Shot Blocked by Brian Dumoulin.
8:23 of 2nd period - Victor Rask is hit by Brian Dumoulin and loses puck.
9:00 of 2nd period - Shot by Jason Demers.
9:00 of 2nd period - Shot Blocked by Michal Kempny.
9:05 of 2nd period - Minor Penalty to Mark Borowiecki for Hooking.
9:06 of 2nd period - Vincent Trocheck wins face-off versus Mark Scheifele in TORONTO zone.
9:21 of 2nd period - Shot by Jason Demers.
9:21 of 2nd period - Shot Misses the Net.
9:23 of 2nd period - Shot by Vincent Trocheck.
9:23 of 2nd period - Shot Misses the Net.
9:25 of 2nd period - Shot by Marc Staal.
9:25 of 2nd period - Stopped by Brian Elliott with a rebound.
9:58 of 2nd period - Shot by Nathan Beaulieu.
9:58 of 2nd period - Shot Blocked by Olli Maatta.
10:00 of 2nd period - Shot by Nathan Beaulieu.
10:00 of 2nd period - Goal by Nathan Beaulieu - TORONTO : 1 - MONTREAL : 2.
10:01 of 2nd period - Nic Dowd wins face-off versus Devin Shore in neutral zone.
10:05 of 2nd period - Drake Caggiula is hit by Jason Demers and loses puck.
10:09 of 2nd period - Drake Caggiula is hit by Nathan Beaulieu and loses puck.
10:33 of 2nd period - Shot by Drake Caggiula.
10:33 of 2nd period - Stopped by Robin Lehner without a rebound.
10:34 of 2nd period - Phillip Danault wins face-off versus Victor Rask in MONTREAL zone.
10:57 of 2nd period - Icing by Tobias Enstrom.
10:58 of 2nd period - Phillip Danault wins face-off versus Mark Scheifele in MONTREAL zone.
10:58 of 2nd period - Phillip Danault is hit by Mark Scheifele.
11:03 of 2nd period - Marc Staal is hit by Joshua Morrissey and loses puck.
11:57 of 2nd period - Max Pacioretty is hit by Jake Dotchin and loses puck.
12:07 of 2nd period - Max Pacioretty is hit by Olli Maatta and loses puck.
12:11 of 2nd period - Nathan MacKinnon is hit by Jake Dotchin.
12:32 of 2nd period - Icing by Nathan MacKinnon.
12:33 of 2nd period - Max Pacioretty wins face-off versus Nic Dowd in MONTREAL zone.
13:07 of 2nd period - Off-side.
13:08 of 2nd period - Phillip Danault wins face-off versus Mark Scheifele in neutral zone.
13:35 of 2nd period - Shot by Jarome Iginla.
13:35 of 2nd period - Shot Misses the Net.
13:52 of 2nd period - Sven Andrighetto is hit by Joshua Morrissey and loses puck.
14:17 of 2nd period - Olli Maatta is hit by Vincent Trocheck and loses puck.
14:30 of 2nd period - Shot by Brayden Point.
14:30 of 2nd period - Stopped by Robin Lehner without a rebound.
14:31 of 2nd period - Nic Dowd wins face-off versus Max Pacioretty in MONTREAL zone.
14:34 of 2nd period - Shot by Ales Hemsky.
14:34 of 2nd period - Goal by Ales Hemsky - TORONTO : 2 - MONTREAL : 2.
14:35 of 2nd period - Victor Rask wins face-off versus Nathan MacKinnon in neutral zone.
14:55 of 2nd period - Major / Game Misconduct Penalty to Mark Borowiecki for Attempt to injure.
14:55 of 2nd period - Mark Borowiecki is ejected from game.
14:56 of 2nd period - Vincent Trocheck wins face-off versus Mark Scheifele in TORONTO zone.
15:13 of 2nd period - Vincent Trocheck is hit by Nino Niederreiter and loses puck.
16:05 of 2nd period - Shot by Mark Scheifele.
16:05 of 2nd period - Stopped by Robin Lehner with a rebound.
16:23 of 2nd period - Max Pacioretty is hit by Matt Hendricks and loses puck.
16:29 of 2nd period - Icing by Max Pacioretty.
16:30 of 2nd period - Victor Rask wins face-off versus Nathan MacKinnon in MONTREAL zone.
17:26 of 2nd period - Marc Staal is hit by Nino Niederreiter.
17:34 of 2nd period - Nino Niederreiter is hit by Vincent Trocheck.
17:41 of 2nd period - Icing by Marc Staal.
17:42 of 2nd period - Victor Rask wins face-off versus Vincent Trocheck in MONTREAL zone.
17:45 of 2nd period - Shot by Tomas Hertl.
17:45 of 2nd period - Shot Misses the Net.
17:47 of 2nd period - Shot by Michal Kempny.
17:47 of 2nd period - Stopped by Robin Lehner without a rebound.
17:48 of 2nd period - Nathan MacKinnon wins face-off versus Victor Rask in MONTREAL zone.
17:48 of 2nd period - Nathan MacKinnon is hit by Tomas Hertl.
17:56 of 2nd period - Shot by Brian Dumoulin.
17:56 of 2nd period - Shot Misses the Net.
18:38 of 2nd period - Shot by Vincent Trocheck.
18:38 of 2nd period - Shot Misses the Net.
18:40 of 2nd period - Shot by Jason Demers.
18:40 of 2nd period - Shot Misses the Net.
18:42 of 2nd period - Shot by Jason Demers.
18:42 of 2nd period - Stopped by Brian Elliott without a rebound.
18:43 of 2nd period - Mark Scheifele wins face-off versus Nathan MacKinnon in TORONTO zone.
18:54 of 2nd period - Mark Scheifele is hit by Max Pacioretty and loses puck.
19:21 of 2nd period - Shot by Tomas Hertl.
19:21 of 2nd period - Stopped by Robin Lehner without a rebound.
19:22 of 2nd period - Vincent Trocheck wins face-off versus Mark Scheifele in MONTREAL zone.
Goals for this period are 1 for TORONTO vs 1 for MONTREAL.
Shots for this period are 10 for TORONTO vs 9 for MONTREAL.

3rd period


0:01 of 3rd period - Tyler Johnson wins face-off versus Mark Scheifele in neutral zone.
0:26 of 3rd period - Shot by Mark Scheifele.
0:26 of 3rd period - Stopped by Robin Lehner without a rebound.
0:27 of 3rd period - Victor Rask wins face-off versus Jason Pominville in MONTREAL zone.
0:34 of 3rd period - Shot by Victor Rask.
0:34 of 3rd period - Shot Blocked by Jason Demers.
1:22 of 3rd period - Off-side.
1:23 of 3rd period - Mark Scheifele wins face-off versus Tyler Johnson in neutral zone.
2:33 of 3rd period - Phillip Danault is hit by Michal Kempny and loses puck.
3:03 of 3rd period - Icing by Olli Maatta.
3:04 of 3rd period - Nathan MacKinnon wins face-off versus Pierre-Edouard Bellemare in TORONTO zone.
3:23 of 3rd period - Shot by Max Pacioretty.
3:23 of 3rd period - Shot Misses the Net.
3:25 of 3rd period - Shot by Jason Demers.
3:25 of 3rd period - Stopped by Brian Elliott with a rebound.
3:56 of 3rd period - Brayden Point is hit by Jason Demers and loses puck.
3:59 of 3rd period - Shot by Tomas Hertl.
3:59 of 3rd period - Shot Blocked by Jason Demers.
4:01 of 3rd period - Shot by Tomas Hertl.
4:01 of 3rd period - Deflect By Victor Rask.
4:01 of 3rd period - Stopped by Robin Lehner without a rebound.
4:02 of 3rd period - Tyler Johnson wins face-off versus Mark Scheifele in MONTREAL zone.
4:28 of 3rd period - Mark Scheifele is hit by Brian Dumoulin and loses puck.
4:41 of 3rd period - Mark Scheifele is hit by Vincent Trocheck and loses puck.
4:52 of 3rd period - Minor Penalty to Phillip Danault for High sticking.
4:53 of 3rd period - Victor Rask wins face-off versus Max Pacioretty in MONTREAL zone.
5:41 of 3rd period - Icing by Mark Scheifele.
5:42 of 3rd period - Max Pacioretty wins face-off versus Mark Scheifele in TORONTO zone.
5:42 of 3rd period - Max Pacioretty is hit by Joshua Morrissey.
5:45 of 3rd period - Nathan MacKinnon is hit by Joshua Morrissey.
6:22 of 3rd period - Off-side.
6:23 of 3rd period - Victor Rask wins face-off versus Vincent Trocheck in neutral zone.
6:30 of 3rd period - Shot by Olli Maatta.
6:30 of 3rd period - Shot Misses the Net.
6:32 of 3rd period - Shot by Jarome Iginla.
6:32 of 3rd period - Shot Misses the Net.
6:34 of 3rd period - Shot by Ales Hemsky.
6:34 of 3rd period - Shot Blocked by Jason Demers.
6:52 of 3rd period - Shot by Tyler Myers.
6:52 of 3rd period - Shot Misses the Net.
7:17 of 3rd period - Pierre-Edouard Bellemare is hit by Tobias Enstrom.
7:54 of 3rd period - Brent Seabrook is hit by Phillip Danault and loses puck.
8:34 of 3rd period - Shot by Tyler Johnson.
8:34 of 3rd period - Shot Misses the Net.
8:36 of 3rd period - Shot by Vincent Trocheck.
8:36 of 3rd period - Stopped by Brian Elliott without a rebound.
8:37 of 3rd period - Nathan MacKinnon wins face-off versus Victor Rask in TORONTO zone.
8:53 of 3rd period - Shot by Victor Rask.
8:53 of 3rd period - Stopped by Robin Lehner without a rebound.
8:54 of 3rd period - Micheal Ferland wins face-off versus Nino Niederreiter in MONTREAL zone.
9:02 of 3rd period - Off-side.
9:03 of 3rd period - Nathan MacKinnon wins face-off versus Mark Scheifele in neutral zone.
9:26 of 3rd period - Shot by Nino Niederreiter.
9:26 of 3rd period - Stopped by Robin Lehner without a rebound.
9:27 of 3rd period - Victor Rask wins face-off versus Tyler Johnson in MONTREAL zone.
9:48 of 3rd period - Shot by Victor Rask.
9:48 of 3rd period - Stopped by Robin Lehner with a rebound.
9:50 of 3rd period - Shot by Brent Seabrook.
9:50 of 3rd period - Stopped by Robin Lehner with a rebound.
9:52 of 3rd period - Shot by Victor Rask.
9:52 of 3rd period - Stopped by Robin Lehner without a rebound.
9:53 of 3rd period - Nathan MacKinnon wins face-off versus Mark Scheifele in MONTREAL zone.
10:06 of 3rd period - Shot by Max Pacioretty.
10:06 of 3rd period - Deflect By Nathan MacKinnon.
10:06 of 3rd period - Stopped by Brian Elliott with a rebound.
10:08 of 3rd period - Shot by Brian Dumoulin.
10:08 of 3rd period - Goal by Brian Dumoulin - TORONTO : 2 - MONTREAL : 3.
10:09 of 3rd period - Tyler Johnson wins face-off versus Victor Rask in neutral zone.
10:12 of 3rd period - Shot by Vincent Trocheck.
10:12 of 3rd period - Stopped by Brian Elliott without a rebound.
10:13 of 3rd period - Mark Scheifele wins face-off versus Nathan MacKinnon in TORONTO zone.
10:26 of 3rd period - Shot by Mark Scheifele.
10:26 of 3rd period - Shot Hit the Post.
11:37 of 3rd period - Shot by Vincent Trocheck.
11:37 of 3rd period - Shot Misses the Net.
11:39 of 3rd period - Shot by Vincent Trocheck.
11:39 of 3rd period - Stopped by Brian Elliott without a rebound.
11:40 of 3rd period - Nic Dowd wins face-off versus Phillip Danault in TORONTO zone.
11:40 of 3rd period - Nic Dowd is hit by Phillip Danault.
12:09 of 3rd period - Icing by Olli Maatta.
12:10 of 3rd period - Nic Dowd wins face-off versus Tyler Johnson in TORONTO zone.
12:14 of 3rd period - Drake Caggiula is hit by Jason Demers and loses puck.
12:55 of 3rd period - Nathan Beaulieu is hit by Nino Niederreiter and loses puck.
13:28 of 3rd period - Shot by Brayden Point.
13:28 of 3rd period - Shot Misses the Net.
14:16 of 3rd period - Matt Hendricks is hit by Brian Dumoulin and loses puck.
14:30 of 3rd period - Icing by Max Pacioretty.
14:31 of 3rd period - Nic Dowd wins face-off versus Nathan MacKinnon in MONTREAL zone.
14:32 of 3rd period - Shot by Joshua Morrissey.
14:32 of 3rd period - Deflect By Drake Caggiula.
14:32 of 3rd period - Stopped by Robin Lehner with a rebound.
14:34 of 3rd period - Shot by Nic Dowd.
14:34 of 3rd period - Shot Misses the Net.
14:38 of 3rd period - Shot by Drake Caggiula.
14:38 of 3rd period - Shot Misses the Net.
14:46 of 3rd period - Shot by Ales Hemsky.
14:46 of 3rd period - Shot Misses the Net.
14:48 of 3rd period - Shot by Drake Caggiula.
14:48 of 3rd period - Shot Misses the Net.
14:50 of 3rd period - Shot by Joshua Morrissey.
14:50 of 3rd period - Shot Misses the Net.
15:14 of 3rd period - Shot by Mark Scheifele.
15:14 of 3rd period - Stopped by Robin Lehner without a rebound.
15:15 of 3rd period - Mark Scheifele wins face-off versus Phillip Danault in MONTREAL zone.
15:18 of 3rd period - Shot by Nino Niederreiter.
15:18 of 3rd period - Deflect By Jarome Iginla.
15:18 of 3rd period - Shot Misses the Net.
15:29 of 3rd period - Icing by Marc Staal.
15:30 of 3rd period - Phillip Danault wins face-off versus Victor Rask in MONTREAL zone.
15:30 of 3rd period - Phillip Danault is hit by Brayden Point.
15:33 of 3rd period - Sven Andrighetto is hit by Tomas Hertl and loses puck.
15:44 of 3rd period - Icing by Phillip Danault.
15:45 of 3rd period - Phillip Danault wins face-off versus Mark Scheifele in MONTREAL zone.
16:13 of 3rd period - Shot by Sven Andrighetto.
16:13 of 3rd period - Shot Blocked by Brent Seabrook.
16:15 of 3rd period - Shot by Phillip Danault.
16:15 of 3rd period - Shot Misses the Net.
16:17 of 3rd period - Shot by Marc Staal.
16:17 of 3rd period - Shot Misses the Net.
16:32 of 3rd period - Minor Penalty to Tomas Hertl for Hooking.
16:33 of 3rd period - Nathan MacKinnon wins face-off versus Mark Scheifele in TORONTO zone.
16:48 of 3rd period - Shot by Brian Dumoulin.
16:48 of 3rd period - Stopped by Brian Elliott without a rebound.
16:49 of 3rd period - Sven Andrighetto wins face-off versus Victor Rask in TORONTO zone.
16:49 of 3rd period - Sven Andrighetto is hit by Olli Maatta.
16:51 of 3rd period - Shot by Rickard Rakell.
16:51 of 3rd period - Stopped by Brian Elliott without a rebound.
16:52 of 3rd period - Mark Scheifele wins face-off versus Nathan MacKinnon in TORONTO zone.
17:31 of 3rd period - Shot by Jason Pominville.
17:31 of 3rd period - Shot Misses the Net.
17:33 of 3rd period - Shot by Jason Pominville.
17:33 of 3rd period - Stopped by Brian Elliott without a rebound.
17:34 of 3rd period - Mark Scheifele wins face-off versus Sven Andrighetto in TORONTO zone.
18:31 of 3rd period - Icing by Nathan MacKinnon.
18:32 of 3rd period - Nic Dowd wins face-off versus Devin Shore in MONTREAL zone.
18:37 of 3rd period - Shot by Drake Caggiula.
18:37 of 3rd period - Shot Misses the Net.
18:39 of 3rd period - Shot by Joshua Morrissey.
18:39 of 3rd period - Stopped by Robin Lehner without a rebound.
18:40 of 3rd period - Victor Rask wins face-off versus Devin Shore in MONTREAL zone.
18:43 of 3rd period - Shot by Tomas Hertl.
18:43 of 3rd period - Shot Blocked by Brian Dumoulin.
18:48 of 3rd period - Icing by Tyler Myers.
18:49 of 3rd period - Devin Shore wins face-off versus Nic Dowd in MONTREAL zone.
19:09 of 3rd period - TORONTO, Brian Elliott is pulled from the net.
19:17 of 3rd period - Shot by Brent Seabrook.
19:17 of 3rd period - Stopped by Robin Lehner with a rebound.
Goals for this period are 0 for TORONTO vs 1 for MONTREAL.
Shots for this period are 11 for TORONTO vs 9 for MONTREAL.